 Dungeon Crawl Stone Soup version 0.20.1-1-g8b1a95d (webtiles) character file.

3859 Irenicus the Martial Artist (level 10, -4/63 HPs)
             Began as an Octopode Chaos Knight on Oct 13, 2017.
             Killed from afar by a death drake (16 damage)
             ... with a foul vapour
             ... on level 9 of the Dungeon.
             The game lasted 00:23:51 (6245 turns).

Irenicus the Martial Artist (Octopode Chaos Knight) Turns: 6245, Time: 00:23:51

Health: -4/63      AC:  6    Str: 16    XL:     10   Next: 18%
Magic:  10/10      EV: 14    Int: 14    God:    Xom [....*.]
Gold:   81         SH:  4    Dex: 15    Spells: 7/9 levels left

rFire    . . .     SeeInvis .     - Unarmed
rCold    + . .     Gourm    .   (no shield)
rNeg     . . .     Faith    .   (helmet restricted)
rPois    .         Spirit   .   z - amulet of regeneration
rElec    .         Reflect  .   h - +5 ring of protection
rCorr    .         Harm     .   (no ring)
MR       .....                  (no ring)
Stlth    +++++.....             (no ring)
Regen    0.6/turn               (no ring)
MPRegen  0.2/turn               (no ring)
                                (no ring)
                                (no ring)

@: lethally poisoned (-4 -> -59), slowed, very slow
A: almost no armour, stealthy swim, amphibious, 8 rings, constrict 8, antennae
1, large bone plates 1, camouflage 1, cold resistance 1, strong 2, gelatinous
body 1
a: Renounce Religion


You were on level 9 of the Dungeon.
You worshipped Xom.
You were a beloved toy of Xom.
You were not hungry.

You visited 1 branch of the dungeon, and saw 9 of its levels.

You collected 431 gold pieces.
You spent 350 gold pieces at shops.

Inventory:

Hand Weapons
 C - a +2 longbow of chaos
Missiles
 I - 49 arrows
Jewellery
 h - a +5 ring of protection (left tentacle)
 z - an amulet of regeneration (around mantle)
 E - an uncursed amulet of magic regeneration
Wands
 w - a wand of random effects (5/48)
 y - a wand of lightning (11/15)
 F - a wand of random effects (33/48)
 G - a wand of random effects (23/48)
 M - a wand of lightning (11/15)
Scrolls
 b - 5 scrolls of remove curse
 e - 4 scrolls of identify {unknown}
 f - 2 scrolls of enchant weapon
 k - 2 scrolls of enchant armour
 o - 3 scrolls of teleportation {unknown}
 t - 3 scrolls of immolation {unknown}
 u - a scroll of random uselessness {unknown}
 x - 3 scrolls of magic mapping {unknown}
 D - 4 scrolls of recharging {unknown}
 L - a scroll of blinking {unknown}
 N - a scroll of vulnerability {unknown}
Potions
 a - 3 potions of heal wounds
 d - 4 potions of haste {unknown}
 g - 5 potions of curing
 i - 4 potions of mutation {unknown}
 j - 5 potions of lignification
 l - a potion of brilliance {unknown}
 n - 4 potions of flight {unknown}
 p - 2 potions of degeneration {unknown}
 q - 3 potions of agility
 r - a potion of ambrosia {unknown}
 s - 3 potions of magic {unknown}
 v - a potion of cancellation {unknown}
 H - a potion of might
Books
 m - a book of Maledictions

   Spells                             Type                      Level
   a - Corona                         Hexes                        1
   b - Ensorcelled Hibernation        Hexes/Ice                    2
   c - Confuse                        Hexes                        3
   d - Tukima's Dance                 Hexes                        3
   e - Dazzling Spray                 Conjuration/Hexes            3
 A - a book of Cantrips

   Spells                             Type                      Level
   a - Confusing Touch                Hexes                        1
   b - Animate Skeleton               Necromancy                   1
   c - Summon Small Mammal            Summoning                    1
   d - Apportation                    Translocation                1
Comestibles
 c - 7 meat rations
 B - 5 royal jellies
 J - 4 fruits
 K - 2 bread rations


   Skills:
 - Level 3.0 Fighting
 - Level 2.3 Dodging
 + Level 8.0 Stealth
 + Level 12.5 Unarmed Combat
 - Level 4.0 Hexes


You had 7 spell levels left.
You knew the following spells:

 Your Spells              Type           Power        Failure   Level  Hunger
a - Corona                Hex            ##.....      5%          1    ##.....
e - Confusing Touch       Hex            ##....       5%          1    ##.....


Dungeon Overview and Level Annotations

Branches:
Dungeon (9/15)             Temple (0/1) D:6
   Lair: D:8-11         Orc: D:9-12

Altars:
Dithmenos
Nemelex Xobeh
Trog
Uskayaw
Xom

Shops:
D:7 !

Annotations:
D:2 Sigmund


Innate Abilities, Weirdness & Mutations

You cannot wear most types of armour.
You are very stealthy in the water. (Stealth+)
You are amphibious.
You can wear up to eight rings at the same time.
You can use your tentacles to constrict eight enemies at once.
Your skin changes colour to match your surroundings (Stealth+).
Your rubbery body absorbs attacks. (AC +1, EV +1)
You have a pair of small antennae on your head.
You are partially covered in large bone plates. (SH +4)
Your flesh is cold resistant. (rC+)
Your muscles are very strong. (Str +4)


Message History

* * * LOW HITPOINT WARNING * * *
You feel better.
You are engulfed in dark miasma.
You are poisoned.
You feel as though you will be slow longer.
* * * LOW HITPOINT WARNING * * *
You feel very sick. Something bites you!
* * * LOW HITPOINT WARNING * * *
Something bites you.
* * * LOW HITPOINT WARNING * * *
You feel much better.
You are engulfed in dark miasma.
You are lethally poisoned!
You feel as though you will be slow longer.
* * * LOW HITPOINT WARNING * * *
x2 You feel very sick.
Something completely misses you.
A foul vapour appears from out of thin air!
The foul vapour engulfs you!
You are more poisoned.
You die...

......# #.# ##..# .######
#.## #..## .# #..#
###[#### '### ####.###
#......# ...# ###......#
#......# ...#
#........#####......#
...#
####.#....§.#..<.......#
...#
##....#..§§§§#.###......#
...# #..####...§@§..#
#......# ...###.##
#....{§### #......#
...'...# #......#
#......# ...#####
#####.#### ##.##### +###
#.§§..# #.#####
##{####### #.....#
#.......!# #####.#
#/.......# #.# #........#
####.####


There were no monsters in sight!

Vanquished Creatures
  3 meliai (D:8)
  A hornet (D:7)
  A hungry ghost (D:3)
  A sky beast (D:7)
  2 ice beasts
  2 black bears
  3 ogres
  2 phantoms (D:7)
  A wolf (D:8)
  3 centaurs
  2 bullfrogs
  A wyvern skeleton (D:8)
  A scorpion (D:8)
  A jelly (D:8)
  4 wights (D:8)
  2 crimson imps
  5 orc wizards
  An orc priest (D:9)
  2 hounds
  Jessica (D:2)
  4 iguanas
  Terence (D:2)
  7 worker ants
  A killer bee zombie (D:9)
  A hound zombie (D:6)
  A hound skeleton (D:8)
  8 adders
  A shadow imp (D:9)
  An ooze (D:3)
  An adder zombie (D:6)
  An adder skeleton (D:4)
  2 dart slugs
  3 leopard geckos
  33 orcs
  3 bats
  6 giant cockroaches
  8 goblins
  8 hobgoblins
  16 jackals
  7 kobolds
  3 quokkas
  A ball python (D:1)
  5 frilled lizards
  A giant cockroach zombie (D:5)
  A jackal zombie (D:6)
  A leopard gecko skeleton (D:4)
  A quokka zombie (D:5)
  6 rats
171 creatures vanquished.

Vanquished Creatures (collateral kills)
  4 hogs (D:8)
  A human (D:8)
5 creatures vanquished.

Grand Total: 176 creatures vanquished

Notes
Turn   | Place    | Note
-------+----------+-------------------------------------------
     0 | D:1      | Irenicus the Octopode Chaos Knight began the quest for the Orb.
     0 | D:1      | Reached XP level 1. HP: 16/16 MP: 1/1
   212 | D:1      | Reached XP level 2. HP: 21/21 MP: 2/2
   350 | D:1      | XOM: cloud trail
   483 | D:1      | Reached skill level 4 in Unarmed Combat
   486 | D:1      | Reached XP level 3. HP: 19/26 MP: 3/3
   638 | D:1      | XOM: give mutations
   638 | D:1      | Gained mutation: Your muscles are strong. (Str +2) [Xom's grace]
   638 | D:1      | Gained mutation: Your muscles are very strong. (Str +4) [Xom's grace]
   638 | D:1      | Gained mutation: You are partially covered in large bone plates. (SH +4) [Xom's grace]
   657 | D:2      | Noticed Terence
   664 | D:2      | Killed Terence
   714 | D:2      | Noticed Jessica
   716 | D:2      | Reached XP level 4. HP: 28/31 MP: 4/4
   752 | D:2      | Killed Jessica
   752 | D:2      | Reached skill level 5 in Unarmed Combat
   967 | D:2      | Noticed Sigmund
  1034 | D:3      | XOM: god gift: scroll labeled NOKKEU ZARU {god gift}
  1121 | D:3      | Learned a level 1 spell: Corona
  1167 | D:3      | Reached XP level 5. HP: 36/36 MP: 5/5
  1260 | D:3      | XOM: summons 1 hostile shadow creature
  1518 | D:3      | XOM is BORED!
  1544 | D:3      | Noticed a hungry ghost
  1556 | D:3      | XOM: 5-stop teleportation journey
  1565 | D:3      | XOM: cleaving
  1571 | D:3      | XOM: cleaving
  1579 | D:3      | Killed a hungry ghost
  1579 | D:3      | Reached skill level 6 in Unarmed Combat
  1579 | D:3      | Reached XP level 6. HP: 34/42 MP: 4/6
  1867 | D:4      | Reached skill level 7 in Unarmed Combat
  2053 | D:4      | Found a sparkling altar of Nemelex Xobeh.
  2076 | D:4      | XOM: divination: detect creatures
  2142 | D:4      | Reached skill level 1 in Stealth
  2142 | D:4      | Reached XP level 7. HP: 41/46 MP: 7/7
  2381 | D:4      | Reached skill level 8 in Unarmed Combat
  2522 | D:5      | Entered Level 5 of the Dungeon
  2529 | D:5      | Got a transparent spear
  2530 | D:5      | Identified the cursed +0 spear "Picounuz" {elec, Fragile rElec rPois rN+ MP+9} (You found it on level 5 of the Dungeon)
  2650 | D:5      | Found a sparkling altar of Nemelex Xobeh.
  2738 | D:5      | Found a hide-covered altar of Uskayaw.
  2747 | D:5      | Found a bloodstained altar of Trog.
  2810 | D:5      | XOM: fog
  3015 | D:5      | XOM: mild Hex miscast
  3055 | D:5      | XOM: medium Hex miscast
  3567 | D:5      | Reached skill level 9 in Unarmed Combat
  3567 | D:5      | Reached XP level 8. HP: 52/52 MP: 8/8
  3613 | D:5      | XOM: give mutation
  3613 | D:5      | Gained mutation: Your flesh is cold resistant. (rC+) [Xom's grace]
  3690 | D:5      | XOM: scenery: 1 doors close
  3693 | D:5      | Learned a level 1 spell: Confusing Touch
  3864 | D:6      | XOM: god gift: runed longbow {god gift}
  3918 | D:6      | Found a staircase to the Ecumenical Temple.
  3918 | D:6      | Found a shadowy altar of Dithmenos.
  3918 | D:6      | XOM: 4-stop teleportation journey
  3997 | D:6      | XOM: silly message
  4377 | D:6      | XOM: cloud trail
  4440 | D:7      | XOM: enchant monster (good)
  4445 | D:7      | Reached skill level 1 in Hexes
  4594 | D:7      | XOM: scenery: 2 doors open
  4602 | D:7      | Noticed a hornet
  4610 | D:7      | XOM: scenery: 1 doors close
  4621 | D:7      | Killed a hornet
  4621 | D:7      | Reached skill level 10 in Unarmed Combat
  4697 | D:7      | XOM: give mutation
  4697 | D:7      | Gained mutation: You have a pair of small antennae on your head. [Xom's grace]
  4769 | D:7      | XOM: enchant monster (good)
  4886 | D:7      | XOM: cleaving
  4891 | D:7      | XOM: confuse monster(s)
  4906 | D:7      | Reached XP level 9. HP: 47/56 MP: 9/9
  4915 | D:7      | XOM: divination: magic mapping
  4964 | D:7      | Found Ydeshri's Distillery.
  4968 | D:7      | Bought a potion of heal wounds for 70 gold pieces
  4968 | D:7      | Bought a potion of might for 56 gold pieces
  4968 | D:7      | Bought a potion of lignification for 42 gold pieces
  4968 | D:7      | Bought a potion of lignification for 42 gold pieces
  4968 | D:7      | Bought a potion of agility for 56 gold pieces
  4968 | D:7      | Bought a potion of curing for 42 gold pieces
  4968 | D:7      | Bought a potion of curing for 42 gold pieces
  5004 | D:7      | XOM: summons friendly ufetubus
  5054 | D:7      | XOM: cloud trail
  5135 | D:8      | Reached skill level 11 in Unarmed Combat
  5157 | D:8      | Found a shimmering altar of Xom.
  5238 | D:8      | Noticed a meliai
  5241 | D:8      | Noticed a meliai
  5242 | D:8      | Noticed a meliai
  5248 | D:8      | Killed a meliai
  5248 | D:8      | Reached skill level 5 in Stealth
  5250 | D:8      | Killed a meliai
  5251 | D:8      | XOM: cast spell 'Summon Dragon'
  5253 | D:8      | Killed a meliai
  5363 | D:8      | Reached skill level 12 in Unarmed Combat
  5401 | D:8      | XOM: medium Tmut miscast
  5428 | D:8      | Reached XP level 10. HP: 53/63 MP: 10/10
  5506 | D:8      | XOM: enchant monster (good)
  5520 | D:8      | XOM: 7-stop teleportation journey
  5565 | D:8      | XOM: 3-stop teleportation journey
  5589 | D:8      | XOM: polymorph ice beast -> wolf
  5716 | D:8      | XOM: 2-stop teleportation journey
  5976 | D:9      | Noticed a two-headed ogre
  5979 | D:9      | XOM: confuse monster(s)
  6115 | D:9      | Noticed a death drake
  6115 | D:9      | a two-headed ogre changed into a death drake
  6115 | D:9      | XOM: polymorph two-headed ogre -> death drake
  6244 | D:9      | HP: 3/63 [something (4)]
  6245 | D:9      | Killed from afar by a death drake

Skill      XL: |  1  2  3  4  5  6  7  8  9 10 |
---------------+-------------------------------+-----
Unarmed Combat | 4 5 6 7 9 10 12 | 12.5
Stealth        | 1 3 4 7 8 |  8.0
Hexes          | 3 4 |  4.0
Fighting       | |  3.0
Dodging        | |  2.3

Action                   |  1- 3 |  4- 6 |  7- 9 | 10-12 || total
-------------------------+-------+-------+-------+-------++-------
Melee: Unarmed           |    53 |   107 |   205 |    52 ||   417
       Constrict         |    16 |    24 |    45 |    14 ||    99
       Tentacles         |     8 |    19 |    52 |    15 ||    94
       Punch             |       |     5 |    14 |     6 ||    25
 Fire: Longbow           |       |       |     9 |     5 ||    14
 Cast: Corona            |       |    10 |     3 |       ||    13
       Confusing Touch   |       |       |    16 |     9 ||    25
Evoke: Wand              |       |       |     4 |     3 ||     7
  Use: Scroll            |       |       |     3 |       ||     3
       Potion            |       |       |     2 |     4 ||     6
 Stab: Sleeping          |     5 |     2 |    18 |     2 ||    27
       Confused          |       |       |     8 |     5 ||    13
       Petrified         |       |       |     5 |       ||     5
       Distracted        |       |       |     2 |       ||     2
  Eat: Chunk             |       |     5 |    11 |     3 ||    19
       Bread ration      |       |     2 |       |       ||     2
Armor: Skin              |     5 |    21 |    31 |     6 ||    63
Dodge: Dodged            |    26 |    41 |    56 |     9 ||   132
Block: Other             |     2 |     8 |    17 |     7 ||    34
